 Dungeon Crawl Stone Soup version 0.31-a0-166-g46f44d267d (webtiles) character file.

Game seed: 13940989484101824751

41820 IndexError the Warrior (level 13, -3/128 HPs)
             Began as a Minotaur Berserker on June 14, 2023.
             Was a High Priest of Trog.
             Slain by an orc warlord
             ... wielding a +0 scimitar
              (9 damage)
             ... on level 1 of the Orcish Mines.
             The game lasted 00:37:06 (19488 turns).

IndexError the Warrior (Minotaur Berserker)        Turns: 19488, Time: 00:37:07

Health: -3/128     AC: 25    Str: 26    XL:     13   Next: 82%
Magic:  12/12      EV: 10    Int:  4    God:    Trog [*****.]
Gold:   704        SH:  0    Dex: 11    Spells: 12/12 levels left

rFire   . . .        M - +7 executioner's axe (venom)
rCold   . . .        (shield currently unavailable)
rNeg    . . .        u - +2 chain mail {Will+}
rPois   +            (helmet restricted)
rElec   .            v - +2 cloak {rPois}
rCorr   .            c - +2 pair of gloves
SInv    +            (no boots)
Will    +....        h - amulet of faith {Faith, !P} Stlth
                     z - +4 ring of protection
HPRegen 0.41/turn    A - ring of see invisible {sInv, !d}
MPRegen 0.13/turn

%: faith
@: on berserk cooldown, slowed, studying 2 skills, very slow
A: horns 2, retaliatory headbutt
a: Renounce Religion, Berserk, Trog's Hand, Brothers in Arms


You were on level 1 of the Orcish Mines.
You worshipped Trog.
Trog was extremely pleased with you.
You visited 3 branches of the dungeon, and saw 18 of its levels.
You also visited: Sewer and Bailey.

You collected 2298 gold pieces.
You spent 1594 gold pieces at shops.

Inventory:

Hand Weapons
 a - the +3 spear of Trial by Ordeal {drain, rF++ rC+}
   (You found it on level 5 of the Dungeon)

   rF:        It greatly protects you from fire.
   rC:        It protects you from cold.
 E - the +8 great mace of Koadwil {flame, rN+ Will+ rCorr}
   (You took it off an ogre on level 5 of the Dungeon)

   rN:        It protects you from negative energy.
   rCorr:     It protects you from acid and corrosion.
   Will:      It increases your willpower.
 K - the +8 whip of Ragnarok {spect, rElec rC+}
   (You found it on level 7 of the Dungeon)

   rC:        It protects you from cold.
   rElec:     It insulates you from electricity.
 M - a +7 executioner's axe of venom (weapon)
   (Trog gifted it to you on level 7 of the Dungeon)
Missiles
 r - 5 throwing nets {=f, !d}
 w - 7 curare-tipped darts
 O - 27 boomerangs
 P - 45 poisoned darts
Armour
 c - a +2 pair of gloves (worn)
   (You found it in a bailey)
 u - a +2 chain mail of willpower (worn)
   (You took it off Ijyb on level 3 of the Dungeon)
 v - a +2 cloak of poison resistance (worn)
   (You took it off Crazy Yiuf on level 3 of the Dungeon)
 y - the +1 scale mail of the Candlemaker {rF+ Str+3 Dex-5}
   (You found it in a bailey)

   Str:       It affects your strength (+3).
   Dex:       It affects your dexterity (-5).
   rF:        It protects you from fire.
 B - a scarf of invisibility
   (You found it on level 5 of the Dungeon)
Jewellery
 h - an amulet of faith (around neck) {Faith, !P}
   (You found it on level 2 of the Dungeon)
 z - a +4 ring of protection (left hand)
   (You found it on level 8 of the Dungeon)
 A - a ring of see invisible (right hand) {sInv, !d}
   (You found it on level 9 of the Dungeon)
 R - a ring of resist corrosion
   (You found it on level 9 of the Dungeon)
 T - a ring of ice {rC+, rF-}
   (You took it off a centaur on level 12 of the Dungeon)
Wands
 t - a wand of digging (9)
   (You took it off Ijyb on level 3 of the Dungeon)
 D - a wand of light (10)
   (You found it on level 5 of the Dungeon)
 F - a wand of flame (9) (quivered)
   (You found it on level 6 of the Dungeon)
 H - a wand of roots (14)
   (You found it on level 6 of the Dungeon)
 X - a wand of mindburst (5)
   (You found it on level 13 of the Dungeon)
Scrolls
 i - 7 scrolls of teleportation
 j - 2 scrolls of immolation {!r}
 k - 3 scrolls of fog
 l - 3 scrolls of silence
 m - 3 scrolls of poison
 n - 5 scrolls of torment {!r}
 C - 2 scrolls of revelation
 G - a scroll of fear
 L - a scroll of blinking {!r}
 Q - 2 scrolls of brand weapon
 S - 2 scrolls of identify
 U - a scroll of enchant armour
Potions
 b - a potion of berserk rage {!q}
 d - 3 potions of enlightenment {unknown}
 e - 2 potions of might
 f - 4 potions of haste {unknown}
 g - 6 potions of brilliance
 o - a potion of resistance
 p - 6 potions of heal wounds
 q - 2 potions of cancellation {unknown}
 s - 5 potions of curing
 x - 4 potions of lignification {unknown}
 I - 2 potions of attraction {!q}
 J - 3 potions of magic {unknown}
 N - 2 potions of mutation {!q}


   Skills:
 - Level 16.0 Fighting
 - Level 14.6(15.0) Axes
 - Level 4.8(10.7) Maces & Flails
 + Level 6.7 Throwing
 - Level 12.0 Armour
 - Level 2.1 Dodging
 + Level 11.2 Evocations


You had 12 spell levels left.
You didn't know any spells.
Your spell library was empty.

Dungeon Overview and Level Annotations

Branches:
Dungeon (15/15)            Temple (1/1) D:4            Lair (0/5) D:9
    Orc (2/2) D:11            Elf (0/3) Orc:2        Vaults (0/5) D:13
  Sewer (visited)          Bailey (visited)
 Depths: D:15

Altars:
Ashenzari
Hepliaklqana
Kikubaaqudgha
Makhleb
Qazlal
Trog
Uskayaw
Vehumet
Xom
Yredelemnul
Zin

Shops:
D:1 *   D:7 !   D:13 (   Orc:2 [?!:(

Annotations:
D:12 3 runed translucent doors, ciphuk's ghost, journeyman TrMo


Innate Abilities, Weirdness & Mutations

You have a pair of horns on your head.
You reflexively headbutt those who attack you in melee.


Message History

You slice the orc knight!! Trog accepts your kill.
You recover from your berserk rage.
You hear a howl!
The orc hits you but does no damage.
You see here a +0 flail.
You slice the orc!! Trog accepts your kill.
The orc warlord roars a battlecry!
The orcs go into a battle-frenzy!
Things that are here:
a +0 short sword; a +0 ring mail You barely miss the orc.
You headbutt the orc! Trog accepts your kill.
The orc warlord roars a battlecry!
The orc knight goes into a battle-frenzy!
You cut the warg into ribbons!!! Trog accepts your kill.
The orc warlord hits you but does no damage.
A red film seems to cover your vision as you go berserk!
You feel yourself moving faster!
You feel mighty!
The orc warlord hits you with a +0 scimitar!
You now have 175/192 hp.
The orc warlord blocks your attack.
You headbutt the orc warlord.
The orc warlord hits you with a +0 scimitar.
The orc knight roars a battlecry!
The orc warlord goes into a battle-frenzy!
You take 2 damage, and have 173/192 hp.
The orc warlord blocks your attack.
You closely miss the orc warrior.
The orc warrior hits you with a +0 long sword!
The orc warlord hits you with a +0 scimitar!!
You take 40 damage, and have 133/192 hp.
MASSIVE DAMAGE!!
The orc warlord blocks your attack.
You slice the orc warrior!!
The orc warrior looks as sick as possible!
You slash the orc warrior!
The orc warrior looks as sick as possible!
You slice the orc warlord!!
The orc warlord looks as sick as possible!
Trog accepts your kill.
The orc warlord hits you with a +0 scimitar.
You take 5 damage, and have 128/192 hp.
The orc warlord blocks your attack.
Your headbutt misses the orc warlord.
The orc warlord hits you with a +0 scimitar!
You take 11 damage, and have 117/192 hp.
You slice the orc warlord!! You closely miss the orc knight.
The orc warlord barely misses you. The orc knight barely misses you.
The orc warlord blocks your attack.
You slash the orc knight!
The orc knight looks as sick as possible!
You barely miss the orc warlord.
You hit the orc knight but do no damage.
The orc knight looks as sick as possible!
The orc warlord hits you but does no damage.
The orc knight hits you with a +1 war axe!
You take 12 damage, and have 106/192 hp.
The orc warlord blocks your attack.
You closely miss the orc knight. The orc warlord barely misses you.
The orc knight hits you but does no damage.
The orc warlord blocks your attack.
You slice the orc knight!!
The orc knight looks as sick as possible!
The orc warlord hits you with a +0 scimitar!!
The orc knight closely misses you. You furiously retaliate!
You headbutt the orc knight!!
You take 29 damage, and have 78/192 hp.
The orc warlord blocks your attack. x2; You barely miss the orc knight.
The orc warlord blocks your attack. x2; You slash the orc knight!
Trog accepts your kill.
The orc warlord hits you with a +0 scimitar!
You take 15 damage, and have 63/192 hp.
You open the orc warlord like a pillowcase!!!
The orc warlord looks as sick as possible!
The orc warlord blocks your attack.
The orc warlord hits you but does no damage.
The orc warlord blocks your attack.
The orc warlord hits you with a +0 scimitar!!
* * * LOW HITPOINT WARNING * * *
You take 20 damage, and have 43/192 hp.
The orc warlord blocks your attack.
You headbutt the orc warlord, but do no damage.
You barely miss the orc warlord. The orc warlord blocks your attack.
The orc warlord hits you but does no damage.
The orc warlord blocks your attack. x2
You are no longer berserk.
You are exhausted.
You feel yourself slow down.
The orc warlord hits you with a +0 scimitar!
* * * LOW HITPOINT WARNING * * *
You now have 13/128 hp.
The orc warlord blocks your attack.
The orc warlord no longer looks unusually strong.
The orc warlord hits you with a +0 scimitar!
* * * LOW HITPOINT WARNING * * *
The orc warlord hits you but does no damage.
You take 8 damage, and have 5/128 hp.
You hit the orc warlord but do no damage.
The orc warlord looks as sick as possible!
You headbutt the orc warlord, but do no damage.
The orc warlord hits you but does no damage.
The orc warlord hits you with a +0 scimitar!
You die...

###.##.##..........#..#8..#......
##.#.##...........#..##..##.#...
##......#..........#.#...)#.....#
#...)..............'.#...[#......
...................'.#.8._#.....#
....#..##..........'.#....#......
.......#...........#.#....#.....#
##.##.#......#...o.#.$##..##...##
#######.##.....@).#..#8..###.##
####......).#..##..#.##)## #
#.......).#.....8#.....# ####
#.......)8########....## .#.##
##......).............# ....#
##.#........#.....#.#.## ...##
#............#..[.##### .###
##.#.##.....####)## .#
######......###.##


You could see an orc warlord (extremely poisoned).

Vanquished Creatures
  Kirke (D:13)
  A frost giant (D:15)
  The ghost of Xefoanen the Fighter, a journeyman MiFi of Okawaru (Orc:1)
  Harold (D:9)
  A hydra (D:12)
  3 centaur warriors
  An ogre mage (D:15)
  2 boulder beetles (D:14)
  2 two-headed ogres
  A death knight (D:14)
  An orc high priest (Orc:2)
  Sonja (D:12)
  Lodul (D:12)
  Nergalle (D:12)
  Pikel (D:8)
  3 deep elf pyromancers
  4 orc knights
  2 orc sorcerers
  A lindwurm (D:13)
  A cyclops (D:12)
  5 ugly things
  A manticore (D:11)
  Maurice (D:8)
  2 gargoyles
  3 kobold demonologists
  Maggie (D:9)
  3 freezing wraiths
  A komodo dragon (D:12)
  5 trolls
  A shadow (D:13)
  2 centaur simulacra (D:15)
  5 slime creatures (D:13)
  Sigmund (D:4)
  5 hogs (D:13)
  2 wraiths
  18 yaks
  4 wyverns
  A basilisk (D:13)
  2 death yak simulacra (D:12)
  4 steam dragons
  4 wargs
  An acid dragon (D:9)
  3 water moccasins
  3 ice beasts
  40 orc warriors
  5 black bears
  A sky beast (D:8)
  15 ogres
  17 centaurs
  2 lemures (D:8)
  2 phantoms (D:5)
  5 kobold brigands
  8 bullfrogs
  A gnoll sergeant (D:6)
  A two-headed ogre simulacrum (D:12)
  8 scorpions
  4 wights (D:8)
  2 elephant simulacra (D:12)
  3 killer bees (D:9)
  3 electric eels (Bailey)
  5 howler monkeys
  4 hounds
  2 jellies (D:7)
  18 orc priests
  Crazy Yiuf (D:3)
  A gnoll bouda (D:9)
  4 iguanas
  3 sleepcaps
  Ijyb (D:3)
  Natasha (thrice) (D:2)
  15 orc wizards
  A polar bear simulacrum (D:12)
  A troll simulacrum (D:12)
  15 gnolls
  16 adders
  A naga simulacrum (D:12)
  5 river rats (Sewer)
  2 shadow imps (D:6)
  4 white imps
  3 worms
  4 dart slugs
  79 orcs
  6 endoplasms
  9 giant cockroaches
  11 goblins
  6 hobgoblins
  4 jackals (D:3)
  2 quokkas
  10 ball pythons
  6 bats
  2 frilled lizards
  28 kobolds
  27 rats
  A spectral goblin (D:7)
525 creatures vanquished.

Vanquished Creatures (collateral kills)
  The ghost of confidenceinterval the Chiller, an amateur GrIE (D:5)
  An ogre (D:5)
  A gnoll (Bailey)
  2 goblins (Bailey)
5 creatures vanquished.

Vanquished Creatures (others)
  A wizard (D:9)
  A spectral weapon (D:12)
2 creatures vanquished.

Grand Total: 532 creatures vanquished

Notes
Turn   | Place    | Note
-------+----------+-------------------------------------------
     0 | D:1      | IndexError the Minotaur Berserker began the quest for the
                  | Orb.
     0 | D:1      | Reached XP level 1. HP: 19/19 MP: 0/0
   248 | D:1      | Found Peboproh's General Store.
   424 | D:2      | Reached skill level 4 in Fighting
   424 | D:2      | Reached skill level 4 in Axes
   424 | D:2      | Reached XP level 2. HP: 27/27 MP: 1/1
   426 | D:2      | Reached XP level 3. HP: 34/34 MP: 2/2
   689 | D:2      | Noticed Natasha
   698 | D:2      | Killed Natasha
   699 | D:2      | Reached skill level 5 in Fighting
   699 | D:2      | Reached skill level 5 in Axes
   699 | D:2      | Reached XP level 4. HP: 28/42 MP: 3/3
   702 | D:2      | Reached ** piety under Trog
   786 | D:2      | Noticed Natasha
   794 | D:2      | Killed Natasha
   926 | D:2      | Noticed Natasha
   933 | D:2      | Killed Natasha
   934 | D:2      | Reached XP level 5. HP: 47/49 MP: 4/4
  1118 | D:3      | Found a faded altar of an unknown god.
  1287 | D:3      | Found a glowing drain.
  1299 | Sewer    | Entered a sewer
  1350 | Sewer    | Reached *** piety under Trog
  1352 | Sewer    | Reached skill level 6 in Fighting
  1352 | Sewer    | Reached skill level 6 in Axes
  1408 | Sewer    | Reached XP level 6. HP: 53/57 MP: 5/5
  1645 | Sewer    | Reached **** piety under Trog
  2039 | D:3      | Reached skill level 7 in Fighting
  2039 | D:3      | Reached skill level 7 in Axes
  2339 | D:3      | Noticed Ijyb
  2340 | D:3      | Found a faded altar of an unknown god.
  2358 | D:3      | Killed Ijyb
  2518 | D:3      | Reached XP level 7. HP: 58/66 MP: 6/6
  2684 | D:3      | Found a runed translucent door.
  2685 | D:3      | Noticed Crazy Yiuf
  2746 | D:3      | Found a broken altar of Ashenzari.
  2835 | D:3      | Killed Crazy Yiuf
  3355 | D:4      | Identified the -1 pair of gloves of Levity {Int+2}
  3358 | D:4      | You fall into a shaft and drop 2 floors!
  3371 | D:5      | Entered Level 5 of the Dungeon
  3556 | D:5      | Reached ***** piety under Trog
  3557 | D:5      | Reached skill level 8 in Fighting
  3557 | D:5      | Reached skill level 8 in Axes
  3763 | D:5      | Found a shimmering altar of Xom.
  3982 | D:4      | Noticed Sigmund
  3990 | D:4      | Killed Sigmund
  3991 | D:4      | Reached skill level 9 in Fighting
  3991 | D:4      | Reached skill level 9 in Axes
  3991 | D:4      | Reached XP level 8. HP: 78/78 MP: 7/7
  4035 | D:4      | Found a staircase to the Ecumenical Temple.
  4295 | Temple   | Entered the Ecumenical Temple
  4393 | D:5      | Received a gift from Trog
  4725 | D:5      | Found a glowing silver altar of Zin.
  5102 | D:5      | Reached skill level 10 in Fighting
  5102 | D:5      | Reached skill level 10 in Axes
  5203 | D:5      | Reached XP level 9. HP: 69/86 MP: 8/8
  5206 | D:5      | Identified the +3 spear of Trial by Ordeal {drain, rF++
                  | rC+}
  5355 | D:5      | Reached skill level 11 in Fighting
  5355 | D:5      | Reached skill level 11 in Axes
  5535 | D:5      | Identified the +8 great mace of Koadwil {flame, rN+ Will+
                  | rCorr}
  5535 | D:5      | Noticed confidenceinterval's ghost (amateur GrIE)
  5536 | D:5      | Found a transporter.
  5544 | D:5      | Found a transporter.
  5556 | D:5      | Killed confidenceinterval's ghost
  5636 | D:6      | Reached skill level 1 in Maces & Flails
  5752 | D:6      | Found a basalt altar of Yredelemnul.
  5850 | D:6      | Found a burning altar of Makhleb.
  5927 | D:6      | Reached skill level 2 in Maces & Flails
  5975 | D:6      | Reached skill level 12 in Fighting
  6185 | D:6      | Reached skill level 3 in Maces & Flails
  6359 | D:6      | Found a hide-covered altar of Uskayaw.
  6424 | D:6      | Reached skill level 4 in Maces & Flails
  6849 | D:7      | Reached XP level 10. HP: 100/100 MP: 9/9
  6855 | D:7      | Identified the +8 whip of Ragnarok {spect, rElec rC+}
  6861 | D:7      | Identified the +0 helmet "Iggieh" {Rampage rF+}
  6866 | D:7      | Received a gift from Trog
  6935 | D:7      | Found Lafil's Distillery.
  7250 | D:7      | Found a stormy altar of Qazlal.
  7370 | D:7      | Reached skill level 12 in Axes
  7608 | D:7      | Found a hazy altar of Hepliaklqana.
  8174 | D:8      | Noticed Pikel
  8191 | D:8      | Killed Pikel
  8192 | D:8      | Reached skill level 13 in Fighting
  8219 | D:8      | Found a flagged portal.
  8242 | Bailey   | Entered a bailey
  8447 | Bailey   | Acquired a manual of Fighting
  8669 | Bailey   | Found an iron altar of Okawaru.
  8669 | Bailey   | Noticed an orc sorcerer
  8678 | Bailey   | Noticed a rust devil
  8688 | Bailey   | Killed an orc sorcerer
  8689 | Bailey   | Reached skill level 14 in Fighting
  8689 | Bailey   | Reached skill level 13 in Axes
  8733 | Bailey   | Identified the +1 scale mail of the Candlemaker {rF+ Str+3
                  | Dex-5}
  9149 | D:8      | Noticed Maurice
  9163 | D:8      | Killed Maurice
  9164 | D:8      | Reached skill level 15 in Fighting
  9752 | D:8      | Reached XP level 11. HP: 60/104 MP: 10/10
 10475 | D:9      | Noticed Harold
 10488 | D:9      | Killed Harold
 10489 | D:9      | Reached skill level 16 in Fighting
 10489 | D:9      | Reached skill level 14 in Axes
 10556 | D:9      | Noticed Maggie
 10565 | D:9      | Killed Maggie
 10623 | D:9      | Found an ancient bone altar of Kikubaaqudgha.
 10744 | D:9      | Reached skill level 1 in Evocations
 10745 | D:9      | Reached skill level 3 in Armour
 10851 | D:9      | Found a staircase to the Lair.
 10898 | D:9      | Found a radiant altar of Vehumet.
 11103 | D:9      | Found a bloodstained altar of Trog.
 11105 | D:9      | Noticed a wizard
 11111 | D:9      | Killed a wizard
 11217 | D:9      | Reached skill level 2 in Evocations
 11218 | D:9      | Reached skill level 4 in Armour
 11416 | D:10     | Entered Level 10 of the Dungeon
 11554 | D:10     | Reached skill level 5 in Armour
 11554 | D:10     | Reached skill level 3 in Evocations
 11694 | D:10     | Reached skill level 6 in Armour
 11694 | D:10     | Reached skill level 4 in Evocations
 12062 | D:10     | Noticed a two-headed ogre
 12067 | D:10     | Killed a two-headed ogre
 12311 | D:11     | Received a gift from Trog
 12312 | D:11     | Reached skill level 7 in Armour
 12348 | D:11     | Reached skill level 5 in Evocations
 12932 | D:11     | Found a staircase to the Orcish Mines.
 13247 | D:12     | Noticed Lodul
 13378 | D:12     | Noticed a deep elf pyromancer
 13475 | D:11     | Reached XP level 12. HP: 97/122 MP: 11/11
 13711 | D:12     | Killed Lodul
 13712 | D:12     | Reached skill level 8 in Armour
 13718 | D:12     | Reached skill level 6 in Evocations
 13760 | D:12     | Found a frozen archway.
 13961 | D:12     | Reached skill level 9 in Armour
 14124 | D:12     | Noticed Sonja
 14129 | D:12     | Killed Sonja
 14197 | D:12     | Noticed a six-headed hydra
 14198 | D:12     | Noticed ciphuk's ghost (journeyman TrMo)
 14199 | D:12     | Found a runed translucent gate.
 14199 | D:12     | Noticed a boulder beetle
 14202 | D:12     | Found a runed translucent gate.
 14207 | D:12     | Found a runed translucent gate.
 14318 | D:12     | Noticed Nergalle
 14329 | D:12     | Killed Nergalle
 14330 | D:12     | Reached skill level 7 in Evocations
 14766 | D:13     | Noticed a five-headed hydra
 14766 | D:13     | Noticed a two-headed ogre
 14788 | D:12     | Killed a five-headed hydra
 14788 | D:12     | Received a gift from Trog
 14789 | D:12     | Reached skill level 10 in Armour
 15007 | D:13     | Found Zigorr's Antique Weapon Emporium.
 15172 | D:13     | Found a gate to the Vaults.
 15199 | D:13     | Noticed Kirke
 15226 | D:13     | Reached skill level 8 in Evocations
 15233 | D:13     | Killed Kirke
 15234 | D:13     | Reached skill level 11 in Armour
 15236 | D:13     | Killed a two-headed ogre
 16189 | D:14     | Noticed a boulder beetle
 16197 | D:14     | Killed a boulder beetle
 16198 | D:14     | Reached XP level 13. HP: 116/128 MP: 12/12
 16300 | D:14     | Reached skill level 9 in Evocations
 16314 | D:14     | Reached skill level 12 in Armour
 16390 | D:14     | Reached skill level 1 in Throwing
 16820 | D:15     | Entered Level 15 of the Dungeon
 16855 | D:15     | HP: 46/192 [??? (43)]
 16856 | D:15     | Reached skill level 2 in Throwing
 16860 | D:14     | HP: 25/128 [mirror damage (1)]
 17151 | D:15     | Noticed a frost giant
 17160 | D:15     | Killed a frost giant
 17161 | D:15     | Reached skill level 3 in Throwing
 17165 | D:15     | Reached skill level 10 in Evocations
 17167 | D:15     | Reached skill level 4 in Throwing
 17454 | Orc:1    | Entered Level 1 of the Orcish Mines
 17554 | Orc:1    | Identified the +4 plate armour of Green Creativity {rElec
                  | Dex+3}
 17554 | Orc:1    | Noticed an orc warlord
 17556 | Orc:1    | Found a runed translucent gate.
 17570 | Orc:1    | Found a runed translucent gate.
 17570 | Orc:1    | Found a runed translucent gate.
 17571 | Orc:1    | Identified the ring of the Cricket {rN+ MP+9 Str+4 Dex-2}
 17571 | Orc:1    | Noticed Xefoanen's ghost (journeyman MiFi)
 17703 | Orc:2    | Entered Level 2 of the Orcish Mines
 17994 | Orc:2    | Received a gift from Trog
 18468 | Orc:2    | Found a staircase to the Elven Halls.
 18497 | Orc:2    | Reached skill level 5 in Throwing
 18544 | Orc:2    | HP: 32/128 [orc warrior/+0 trident (8)]
 18804 | Orc:2    | Found Buttygu's Distillery.
 18804 | Orc:2    | Found Menecop's Book Boutique.
 18806 | Orc:2    | Found Quegusm's Weapon Shop.
 18808 | Orc:2    | Found Quemynlu's Magic Scroll Emporium.
 18823 | Orc:2    | Bought a manual of Armour for 960 gold pieces
 18839 | Orc:2    | Bought a potion of heal wounds for 65 gold pieces
 18839 | Orc:2    | Bought a potion of brilliance for 52 gold pieces
 18841 | Orc:2    | Bought a scroll of brand weapon for 161 gold pieces
 18841 | Orc:2    | Bought a scroll of identify for 34 gold pieces
 18841 | Orc:2    | Bought a scroll of identify for 34 gold pieces
 18841 | Orc:2    | Bought a scroll of brand weapon for 161 gold pieces
 18841 | Orc:2    | Bought a scroll of enchant armour for 127 gold pieces
 18871 | Orc:2    | Found Girghieq's Antique Armour Emporium.
 18893 | Orc:2    | Reached skill level 6 in Throwing
 19423 | Orc:1    | Killed Xefoanen's ghost
 19424 | Orc:1    | Reached skill level 11 in Evocations
 19483 | Orc:1    | HP: 43/192 [orc warlord/+0 scimitar (21)]
 19486 | Orc:1    | HP: 13/128 [orc warlord/+0 scimitar (16)]
 19487 | Orc:1    | HP: 5/128 [orc warlord/+0 scimitar (9)]
 19488 | Orc:1    | Slain by an orc warlord

Illustrated notes

Levels and vault maps discovered:
D:1:      dpeg_arrival_three_bigger_balls, layout_rooms, serial_shops, shop,
          fountainhead
D:2:      layout_rooms, uniq_natasha
D:3:      layout_loops_ring, nicolae_overflow_ecumenical_swirl,
          gup_sewer_entry_bubbles,
          hellmonk_ecumenical_altar_pennies_from_heaven, uniq_ijyb,
          uniq_crazy_yiuf_cottage
D:4:      layout_basic, temple_fountains, minivault_27, nicolae_half_adder,
          uniq_sigmund
D:5:      kennysheep_windowed_halls, layout_basic, mainiacjoe_overflow_alcove_1,
          brannock_xom_greatest_gift, gammafunk_ghost_smash
D:6:      layout_loops_corners, lemuel_tele_altar, marbit_many_paths,
          nicolae_overflow_crystal_walls, grunt_decor_junction
D:7:      layout_loops_ring, nicolae_hepliaklqana_monster_ancestors,
          mainiacjoe_overflow_paths, serial_shops, shop
D:8:      layout_layer_cave, enter_bailey_2, uniq_pikel, uniq_maurice
D:9:      layout_roguey, nicolae_kikubaaqudgha_miasma_corner,
          fiery_altar_vehumet, trog_wizard, due_lair_maze_entry_diamond,
          uniq_maggie, uniq_harold
D:10:     layout_gridville, nicolae_figureground_sparkle
D:11:     layout_layer_cave, erik_orc_3
D:12:     layout_cave_pools, gammafunk_ghost_split,
          portal_ice_cave_entry_ice_simulacra, chequers_serial_rivers_micro_b,
          grunt_decor_resistance, uniq_lodul, uniq_sonja, uniq_nergalle
D:13:     layout_basic, david_vaults_4, serial_shops, shop, uniq_kirke
D:14:     layout_cave_pools, corexii_corridor_pit
D:15:     hangedman_spin_cycle
Temple:   minmay_temple_curvy_loop
Orc:1:    layout_caves, biasface_ghost_orc_armoury
Orc:2:    st_orc_rangers, layout_diamond_mine, serial_shops,
          nicolae_shop_dealshenge

Skill      XL: |  1  2  3  4  5  6  7  8  9 10 11 12 13 |
---------------+----------------------------------------+-----
Fighting       | 4 5 6 7 9 10 12 15 16 | 16.0
Axes           | 4 5 6 7 9 10 11 13 14 | 14.6
Maces & Flails | 4 |  4.8
Evocations     | 5 8 11 | 11.2
Armour         | 7 11 12 | 12.0
Throwing       | 6 |  6.7
Dodging        | |  2.1

Action                     |  1- 3 |  4- 6 |  7- 9 | 10-12 | 13-15 || total
---------------------------+-------+-------+-------+-------+-------++-------
  Melee: Hand axe          |    38 |   225 |   206 |       |       ||   469
         Headbutt          |     6 |    33 |    50 |    77 |    41 ||   207
         Punch             |     1 |     1 |     2 |     2 |       ||     6
         Great mace        |       |       |    38 |     6 |       ||    44
         Whip              |       |       |       |   186 |       ||   186
         Executioner's axe |       |       |       |   236 |   185 ||   421
 Invoke: Berserk           |     1 |     1 |     8 |     9 |     6 ||    25
         Trog's Hand       |       |       |     1 |     3 |       ||     4
         Brothers in Arms  |       |       |     1 |     3 |       ||     4
  Evoke: Wand              |       |       |       |     6 |       ||     6
    Use: Scroll            |       |       |       |    32 |     1 ||    33
   Stab: Sleeping          |     1 |       |       |       |       ||     1
         Distracted        |       |       |     1 |     3 |       ||     4
 Armour: Chain mail        |    23 |   117 |   124 |   273 |   175 ||   712
  Dodge: Dodged            |    24 |   102 |    98 |   218 |   164 ||   606

Table legend: (Time is in decaauts)
 A = Elapsed time spent in this place.
 B = Non-inter-level travel time spent in this place.
 C = Inter-level travel time spent in this place.
 D = Time resting spent in this place.
 E = Time spent auto-exploring this place.
 F = Levels seen in this place.
 G = Mean time per level.
                   A        B        C        D        E       F      G
               +--------+--------+--------+--------+--------+-----+--------+
         Total |  19781 |  17860 |   1921 |    773 |  13944 |  20 |  989.0 |
       Dungeon |  16142 |  14408 |   1734 |    558 |  11553 |  15 | 1076.1 |
        Temple |      1 |      1 |      0 |      0 |      0 |   1 |    1.0 |
  Orcish Mines |   2079 |   1892 |    187 |    213 |   1319 |   2 | 1039.5 |
         Sewer |    731 |    731 |      0 |      1 |    512 |   1 |  731.0 |
        Bailey |    825 |    825 |      0 |      0 |    559 |   1 |  825.0 |
               +--------+--------+--------+--------+--------+-----+--------+

Top non-repeatable levels by time:
     D:5: 1810 daAuts
    D:11: 1438 daAuts
     D:8: 1427 daAuts
    D:12: 1343 daAuts
     D:6: 1304 daAuts
     D:3: 1221 daAuts
    D:13: 1215 daAuts
   Orc:1: 1142 daAuts
     D:7: 1067 daAuts
     D:9: 1053 daAuts
     D:4: 1034 daAuts
    D:14: 989 daAuts
   Orc:2: 937 daAuts
  Bailey: 825 daAuts
    D:10: 811 daAuts

Levels and vault maps discovered:
D:1:      dpeg_arrival_three_bigger_balls, layout_rooms, serial_shops, shop,
          fountainhead
D:2:      layout_rooms, uniq_natasha
D:3:      layout_loops_ring, nicolae_overflow_ecumenical_swirl,
          gup_sewer_entry_bubbles,
          hellmonk_ecumenical_altar_pennies_from_heaven, uniq_ijyb,
          uniq_crazy_yiuf_cottage
D:4:      layout_basic, temple_fountains, minivault_27, nicolae_half_adder,
          uniq_sigmund
D:5:      kennysheep_windowed_halls, layout_basic, mainiacjoe_overflow_alcove_1,
          brannock_xom_greatest_gift, gammafunk_ghost_smash
D:6:      layout_loops_corners, lemuel_tele_altar, marbit_many_paths,
          nicolae_overflow_crystal_walls, grunt_decor_junction
D:7:      layout_loops_ring, nicolae_hepliaklqana_monster_ancestors,
          mainiacjoe_overflow_paths, serial_shops, shop
D:8:      layout_layer_cave, enter_bailey_2, uniq_pikel, uniq_maurice
D:9:      layout_roguey, nicolae_kikubaaqudgha_miasma_corner,
          fiery_altar_vehumet, trog_wizard, due_lair_maze_entry_diamond,
          uniq_maggie, uniq_harold
D:10:     layout_gridville, nicolae_figureground_sparkle
D:11:     layout_layer_cave, erik_orc_3
D:12:     layout_cave_pools, gammafunk_ghost_split,
          portal_ice_cave_entry_ice_simulacra, chequers_serial_rivers_micro_b,
          grunt_decor_resistance, uniq_lodul, uniq_sonja, uniq_nergalle
D:13:     layout_basic, david_vaults_4, serial_shops, shop, uniq_kirke
D:14:     layout_cave_pools, corexii_corridor_pit
D:15:     hangedman_spin_cycle
Temple:   minmay_temple_curvy_loop
Orc:1:    layout_caves, biasface_ghost_orc_armoury
Orc:2:    st_orc_rangers, layout_diamond_mine, serial_shops,
          nicolae_shop_dealshenge

Table legend: (Time is in decaauts)
 A = Elapsed time spent in this place.
 B = Non-inter-level travel time spent in this place.
 C = Inter-level travel time spent in this place.
 D = Time resting spent in this place.
 E = Time spent auto-exploring this place.
 F = Levels seen in this place.
 G = Mean time per level.
                   A        B        C        D        E       F      G
               +--------+--------+--------+--------+--------+-----+--------+
         Total |  19781 |  17860 |   1921 |    773 |  13944 |  20 |  989.0 |
       Dungeon |  16142 |  14408 |   1734 |    558 |  11553 |  15 | 1076.1 |
        Temple |      1 |      1 |      0 |      0 |      0 |   1 |    1.0 |
  Orcish Mines |   2079 |   1892 |    187 |    213 |   1319 |   2 | 1039.5 |
         Sewer |    731 |    731 |      0 |      1 |    512 |   1 |  731.0 |
        Bailey |    825 |    825 |      0 |      0 |    559 |   1 |  825.0 |
               +--------+--------+--------+--------+--------+-----+--------+

Top non-repeatable levels by time:
     D:5: 1810 daAuts
    D:11: 1438 daAuts
     D:8: 1427 daAuts
    D:12: 1343 daAuts
     D:6: 1304 daAuts
     D:3: 1221 daAuts
    D:13: 1215 daAuts
   Orc:1: 1142 daAuts
     D:7: 1067 daAuts
     D:9: 1053 daAuts
     D:4: 1034 daAuts
    D:14: 989 daAuts
   Orc:2: 937 daAuts
  Bailey: 825 daAuts
    D:10: 811 daAuts

Table legend:
 A = Kills in this place as a percentage of kills in the entire game.
 B = Kills by you in this place as a percentage of kills by you in the entire game.
 C = Kills by friends in this place as a percentage of kills by friends in the entire game.
 D = Other kills in this place as a percentage of other kills in the entire game.
 E = Experience gained in this place as a percentage of experience gained in the entire game.
 F = Experience gained in this place divided by the number of levels of this place that you have seen.
                   A       B       C       D       E      F
               +-------+-------+-------+-------+-------+----------------------
         Total | 100.0 | 100.0 | 100.0 |   N/A | 100.0 | 2987.2
       Dungeon |  66.9 |  67.1 |  40.0 |   N/A |  75.3 | 2998.9
  Orcish Mines |  17.2 |  17.4 |   0.0 |   N/A |  20.3 | 6050.0
         Sewer |  10.0 |  10.1 |   0.0 |   N/A |   0.6 | 343.0
        Bailey |   5.9 |   5.4 |  60.0 |   N/A |   3.9 | 2318.0
               +-------+-------+-------+-------+-------+----------------------
